 Dungeon Crawl Stone Soup version 0.30-b1-2-g02819fbbbe (webtiles) character file.

Game seed: 17489941194079170020

65838 Stirner the Severer (level 14, -1/132 HPs)
             Began as a Minotaur Berserker on Dec 22, 2023.
             Was a High Priest of Trog.
             Slain by a +2 mace of protection (8 damage)
             ... animated by Zenata
             ... on level 2 of the Elven Halls on Dec 23, 2023.
             The game lasted 02:18:59 (20261 turns).

Stirner the Severer (Minotaur Berserker)           Turns: 20261, Time: 02:19:00

Health: -1/132     AC: 21    Str: 36    XL:     14   Next: 77%
Magic:  4/4        EV: 14    Int:  9    God:    Trog [*****.]
Gold:   454        SH:  0    Dex: 11    Spells: 13/13 levels left

rFire   . . .        W - +5 battleaxe (antimagic)
rCold   . . .        (shield currently unavailable)
rNeg    + . .        s - +1 chain mail {rN+}
rPois   .            (helmet restricted)
rElec   .            r - +3 cloak of Hedonism {*Slow Str+4 Int+5}
rCorr   .            (no gloves)
SInv    +            H - +0 pair of boots
Will    +++..        (no amulet) Stlth
                     M - ring of see invisible
HPRegen 1.42/turn    Z - +6 ring of strength
MPRegen 0.09/turn

%: slow self (1%)
@: strong-willed, on berserk cooldown, regenerating, slowed, very slow
A: horns 2, retaliatory headbutt
a: Renounce Religion, Berserk, Trog's Hand, Brothers in Arms


You were on level 2 of the Elven Halls.
You worshipped Trog.
Trog was extremely pleased with you.
You visited 4 branches of the dungeon, and saw 21 of its levels.
You visited 1 bazaar.
You also visited: Sewer.

You collected 2181 gold pieces.
You spent 1727 gold pieces at shops.

Inventory:

Hand Weapons
 w - a +6 broad axe of freezing
 U - a +3 battleaxe of flaming
 W - a +5 antimagic battleaxe (weapon)
Missiles
 d - 3 silver javelins
 f - 4 javelins
 q - a boomerang of dispersal
 P - 7 boomerangs (quivered)
Armour
 r - the +3 cloak of Hedonism (worn) {*Slow Str+4 Int+5}
   (You found it on level 3 of the Dungeon)

   Str:       It affects your strength (+4).
   Int:       It affects your intelligence (+5).
   *Slow:     It may slow you when you take damage.
 s - a +1 chain mail of positive energy (worn)
 H - a +0 pair of boots (worn)
 R - the +0 leather armour "Pojeas" {rPois rC+ Str+4 Int-3}
   (You found it on level 3 of the Lair of Beasts)

   Str:       It affects your strength (+4).
   Int:       It affects your intelligence (-3).
   rC:        It protects you from cold.
   rPois:     It protects you from poison.
Jewellery
 j - a ring of protection from fire
 p - the ring of Meleat {rPois rF+ rN+ Int+4}
   (You bought it in a shop in a bazaar)

   [ring of positive energy]

   Int:       It affects your intelligence (+4).
   rF:        It protects you from fire.
   rPois:     It protects you from poison.
   rN:        It protects you from negative energy.
 t - the ring of Lugonu, Howling {Ice Will- Str+4 Int+4}
   (You found it on level 3 of the Dungeon)

   [ring of ice]

   It enhances your ice magic.
   Str:       It affects your strength (+4).
   Int:       It affects your intelligence (+4).
   rF:        It makes you vulnerable to fire.
   rC:        It protects you from cold.
   Will:      It decreases your willpower.
 x - a ring of ice
 L - an amulet of faith
 M - a ring of see invisible (left hand)
 T - a +5 ring of evasion
 Z - a +6 ring of strength (right hand)
Wands
 N - a wand of polymorph (8)
 V - a wand of flame (11)
 X - a wand of charming (7)
 Y - a wand of roots (5)
Scrolls
 h - 6 scrolls of teleportation
 l - a scroll of immolation {unknown}
 m - 3 scrolls of silence
 n - 5 scrolls of fog
 o - a scroll of magic mapping
 u - 2 scrolls of torment {unknown}
 v - 2 scrolls of fear
 y - a scroll of blinking {unknown}
 B - 4 scrolls of enchant armour
 K - 6 scrolls of vulnerability
 O - a scroll of brand weapon {unknown}
 Q - 3 scrolls of enchant weapon
 S - 3 scrolls of poison
Potions
 b - 4 potions of lignification
 c - a potion of berserk rage
 g - 7 potions of heal wounds
 i - 3 potions of mutation
 k - 19 potions of curing
 z - 5 potions of magic
 A - 2 potions of ambrosia
 C - 4 potions of haste
 D - 4 potions of might
 E - 3 potions of cancellation
 F - 2 potions of brilliance {unknown}
 G - 4 potions of flight
 I - 2 potions of attraction {unknown}
 J - 3 potions of resistance
Miscellaneous
 a - a box of beasts
 e - a piece from Xom's chessboard (15/15)


   Skills:
 + Level 14.1 Fighting
 - Level 20.0 Axes
 - Level 16.0 Armour
 - Level 12.0 Dodging


You had 13 spell levels left.
You didn't know any spells.
Your spell library was empty.

Dungeon Overview and Level Annotations

Branches:
Dungeon (12/15)            Temple (0/1) D:4            Lair (5/5) D:8
  Swamp (0/4) Lair:2       Spider (0/4) Lair:2        Slime (0/5) Lair:4
    Orc (2/2) D:9             Elf (2/3) Orc:2         Sewer (visited)

Altars:
Cheibriados
Dithmenos
Nemelex Xobeh
Qazlal
Ru
Sif Muna
Vehumet
Wu Jian
Xom
The Shining One
Jiyva
Lugonu

Shops:
D:4 :?   D:10 :   Orc:1 [!(   Orc:2 [(?=

Portals:
Abyss: Lair:5

Annotations:
Elf:2 Zenata


Innate Abilities, Weirdness & Mutations

You have a pair of horns on your head.
You reflexively headbutt those who attack you in melee.


Message History

Zenata hits you from afar with a +3 bardiche of venom!!
Your deep troll bites Zenata.
Your deep troll claws Zenata!
Your deep troll barely misses Zenata.
You feel your anger nearly subside.
You are no longer berserk.
You are exhausted.
You feel as though you will be slow longer.
Your deep troll bites Zenata!!
Your deep troll claws Zenata.
Your deep troll claws Zenata!
Zenata barely misses your deep troll.
Your deep troll bites Zenata but does no damage.
Your deep troll claws Zenata.
Your deep troll claws Zenata but does no damage.
Your deep troll bites Zenata!
Your deep troll claws Zenata!
Your deep troll claws Zenata but does no damage.
Zenata barely misses your deep troll.
Your deep troll barely misses Zenata.
Your deep troll claws Zenata but does no damage.
Your deep troll closely misses Zenata.
Zenata sends weapons flying into battle!
Something barely misses your deep troll.
Something hits your deep troll!!
The +4 dire flail of holy wrath hits your deep troll!!
Your deep troll bites Zenata!!
Your deep troll claws Zenata. x2
Zenata hits your deep troll with a +3 bardiche of venom!!
Your deep troll looks as sick as possible!
The +4 dire flail of holy wrath barely misses your deep troll.
Something hits your deep troll!!
Your deep troll dies!
Your deep troll's corpse disappears in a puff of smoke!
The +2 mace of protection hits you but does no damage.
There is an open door here.
You barely miss the +2 mace of protection.
Zenata shouts!
Your headbutt misses the +2 mace of protection.
The +2 mace of protection hits you!
* * * LOW HITPOINT WARNING * * *
The +2 mace of protection closely misses you.
Zenata gestures at you while chanting.
A blast of power from the earth and the +2 mace of protection strikes you!
* * * LOW HITPOINT WARNING * * *
The +2 mace of protection hits you!
You die...

#..............#
#..............#
#..##########..#
#..#........#..#
#..'........#..# .[+
#'###########).# ..#
##.##...........#...#
#8.8#........<).#...#
##.###'########@#...###
##.##........).(.......
#8.8#..)...............
##.##.........(........
##.###########ยง############
#8.8# .......a............
##.#########...............
8##.##8###8##...............
...[........'...............


You could see Zenata and 2 dancing weapons.

Vanquished Creatures
  Kirke (D:12)
  Snorg (Lair:4)
  Josephine (Orc:2)
  3 hydras
  A dancing weapon (Elf:2)
  A boulder beetle (Orc:1)
  6 two-headed ogres
  2 thrashing horrors (Lair:5)
  2 tengu warriors (D:10)
  An orc high priest (Orc:2)
  Urug (D:12)
  3 deep elf knights
  2 deep elf archers
  3 bog bodies (Lair:2)
  A deep elf zephyrmancer (Elf:1)
  4 ugly things
  A cyclops (Orc:2)
  7 deep elf pyromancers
  4 orc sorcerers (Orc:2)
  A manticore (D:12)
  2 large abominations (Lair:5)
  15 elephants
  5 black mambas
  A torpor snail (Lair:3)
  7 cane toads
  5 komodo dragons
  A kobold demonologist (D:10)
  A rime drake (Lair:4)
  A komodo dragon (shapeshifter) (Lair:5)
  2 ancient zymes (Lair:5)
  5 trolls
  A troll (shapeshifter) (Lair:5)
  A hornet (D:9)
  A polar bear (Lair:1)
  28 blink frogs
  4 dream sheep (Lair:5)
  A jumping spider (Lair:2)
  A shadow (D:10)
  A culicivora (Lair:2)
  A vampire (D:11)
  A water elemental (Elf:2)
  2 spriggans (Lair:5)
  36 yaks
  6 wraiths
  2 ynoxinuls (Lair:5)
  8 wyverns
  A fire elemental (Elf:1)
  4 hogs (D:12)
  2 chaos spawn (Lair:5)
  12 basilisks
  4 vampire mosquitoes (D:12)
  2 swamp worms (Lair:2)
  2 wargs
  8 water moccasins
  19 orc warriors
  2 sky beasts (D:6)
  2 black bears
  2 ice beasts (D:7)
  8 ogres
  4 wolves (Lair:5)
  7 centaurs
  3 kobold brigands
  4 scorpions
  19 bullfrogs
  13 small abominations (Lair:5)
  8 wights (D:8)
  11 killer bees
  2 electric eels
  3 howler monkeys
  A gnoll bouda (D:7)
  3 hounds
  20 orc priests
  2 jellies
  2 sleepcaps
  Terence (D:3)
  6 iguanas
  35 orc wizards
  10 gnolls
  7 adders
  A river rat (Sewer)
  A shadow imp (D:8)
  A white imp (D:6)
  3 ufetubi
  A dart slug (D:4)
  2 worms
  38 orcs
  5 bats
  5 endoplasms
  5 giant cockroaches
  3 goblins
  4 hobgoblins
  6 jackals
  A quokka (D:5)
  4 ball pythons
  3 frilled lizards
  15 kobolds
  9 rats
521 creatures vanquished.

Vanquished Creatures (others)
  42 fungi
  39 plants
81 creatures vanquished.

Grand Total: 602 creatures vanquished

Notes
Turn   | Place    | Note
-------+----------+-------------------------------------------
     0 | D:1      | Stirner the Minotaur Berserker began the quest for the Orb.
     0 | D:1      | Reached XP level 1. HP: 19/19 MP: 0/0
    84 | D:1      | Reached XP level 2. HP: 24/27 MP: 1/1
   323 | D:1      | Found a faded altar of an unknown god.
   525 | D:2      | Reached skill level 4 in Axes
   552 | D:2      | Found a shimmering altar of Xom.
   565 | D:2      | Reached ** piety under Trog
   566 | D:2      | Reached XP level 3. HP: 29/33 MP: 2/2
   976 | D:3      | Identified the +3 cloak of Hedonism {*Slow Str+4 Int+5}
  1006 | D:3      | Found a shadowy altar of Dithmenos.
  1068 | D:3      | Reached skill level 5 in Axes
  1068 | D:3      | Reached XP level 4. HP: 27/40 MP: 3/3
  1138 | D:3      | Noticed Terence
  1143 | D:3      | Killed Terence
  1234 | D:3      | Identified the ring of Lugonu, Howling {Ice Will- Str+4
                  | Int+4}
  1676 | D:4      | Noticed a black bear
  1683 | D:4      | Reached skill level 6 in Axes
  1683 | D:4      | Reached XP level 5. HP: 40/46 MP: 4/4
  1696 | D:4      | Found Cunosm's Magic Scroll Shoppe.
  1705 | D:4      | Bought a scroll of teleportation for 33 gold pieces
  1895 | D:4      | Killed a black bear
  1896 | D:4      | Reached skill level 7 in Axes
  1924 | D:4      | Found a staircase to the Ecumenical Temple.
  1954 | D:4      | Reached XP level 6. HP: 52/52 MP: 5/5
  1996 | D:4      | Found Fopott's Book Shoppe.
  2027 | D:4      | You fall into a shaft and drop 1 floor!
  2027 | D:5      | Entered Level 5 of the Dungeon
  2056 | D:5      | Reached skill level 8 in Axes
  2300 | D:4      | Found an ornate altar of the Wu Jian Council.
  2584 | D:5      | Found a glowing golden altar of the Shining One.
  2599 | D:5      | Reached skill level 5 in Armour
  2642 | D:5      | Reached *** piety under Trog
  2643 | D:5      | Reached XP level 7. HP: 59/59 MP: 6/6
  2849 | D:5      | Found a sacrificial altar of Ru.
  3113 | D:5      | Reached skill level 5 in Fighting
  3578 | D:6      | Noticed a wraith
  3614 | D:6      | Killed a wraith
  3615 | D:6      | Reached XP level 8. HP: 70/70 MP: 7/7
  3620 | D:6      | Found a glowing drain.
  3674 | Sewer    | Entered a sewer
  3822 | Sewer    | Found a glowing silver altar of Zin.
  4541 | D:6      | Found a sparkling altar of Nemelex Xobeh.
  5003 | D:7      | Reached skill level 9 in Axes
  5139 | D:7      | Reached XP level 9. HP: 81/81 MP: 8/8
  5210 | D:7      | Reached **** piety under Trog
  5257 | D:7      | Reached skill level 10 in Axes
  5257 | D:7      | Reached skill level 5 in Dodging
  5857 | D:8      | Reached skill level 10 in Armour
  6521 | D:8      | Reached XP level 10. HP: 91/93 MP: 9/9
  6641 | D:8      | Found a staircase to the Lair.
  7082 | D:9      | Noticed a two-headed ogre
  7090 | D:9      | Killed a two-headed ogre
  7091 | D:9      | Reached skill level 10 in Fighting
  7091 | D:9      | Reached skill level 11 in Axes
  7390 | D:9      | Found a staircase to the Orcish Mines.
  7503 | D:9      | Reached ***** piety under Trog
  7538 | D:9      | Reached skill level 12 in Axes
  7542 | D:9      | Noticed a deep elf pyromancer
  7551 | D:9      | Killed a deep elf pyromancer
  7581 | D:9      | Reached skill level 13 in Axes
  7611 | D:9      | Noticed a deep elf pyromancer
  7623 | D:9      | Killed a deep elf pyromancer
  7624 | D:9      | Reached skill level 14 in Axes
  7817 | D:9      | Found a stormy altar of Qazlal.
  7819 | D:9      | Found a radiant altar of Vehumet.
  8324 | D:4      | Bought a scroll of enchant armour for 82 gold pieces
  8324 | D:4      | Bought a scroll of fog for 44 gold pieces
  8324 | D:4      | Bought a scroll of enchant weapon for 82 gold pieces
  8487 | D:10     | Entered Level 10 of the Dungeon
  8636 | D:10     | Noticed a tengu warrior
  8641 | D:10     | Noticed a tengu warrior
  8650 | D:10     | Killed a tengu warrior
  8651 | D:10     | Reached XP level 11. HP: 30/99 MP: 10/10
  8937 | D:10     | Killed a tengu warrior
  8938 | D:10     | Reached skill level 15 in Axes
  9332 | D:10     | Noticed a two-headed ogre
  9336 | D:10     | Killed a two-headed ogre
  9390 | D:10     | Found Ginaozix's Book Boutique.
  9607 | D:10     | Reached skill level 16 in Axes
 10050 | D:11     | Noticed a two-headed ogre
 10058 | D:11     | Killed a two-headed ogre
 10157 | D:11     | Noticed a two-headed ogre
 10157 | D:11     | Noticed a six-headed hydra
 10187 | D:10     | Killed a two-headed ogre
 10294 | D:11     | Killed an 11-headed hydra
 11007 | D:12     | Noticed Urug
 11019 | D:12     | Killed Urug
 11020 | D:12     | Reached XP level 12. HP: 58/112 MP: 11/11
 11193 | D:12     | Found a snail-covered altar of Cheibriados.
 11315 | D:12     | Noticed a two-headed ogre
 11320 | D:12     | Killed a two-headed ogre
 11519 | D:12     | Noticed Kirke
 11531 | D:12     | Received a gift from Trog
 11540 | D:12     | Killed Kirke
 11761 | Lair:1   | Entered Level 1 of the Lair of Beasts
 11969 | Lair:1   | Identified the +7 trident "Seehuboch" {freeze, rC+}
 12452 | Lair:2   | Reached skill level 10 in Dodging
 13112 | Lair:2   | Reached skill level 17 in Axes
 13225 | Lair:2   | Found a staircase to the Swamp.
 13672 | Lair:2   | Found a hole to the Spider Nest.
 13774 | Lair:3   | Found a runed translucent door.
 14030 | Lair:3   | Noticed a four-headed hydra
 14041 | Lair:3   | Killed a one-headed hydra
 14050 | Lair:3   | Identified the +0 leather armour "Pojeas" {rPois rC+ Str+4
                  | Int-3}
 14198 | Lair:3   | Noticed an eight-headed hydra
 14404 | Lair:3   | Noticed a four-headed hydra
 14412 | Lair:3   | Killed a two-headed hydra
 14413 | Lair:3   | Reached skill level 18 in Axes
 14414 | Lair:3   | Reached XP level 13. HP: 112/118 MP: 12/12
 15082 | Lair:4   | Found a staircase to the Slime Pits.
 15082 | Lair:4   | Found a viscous altar of Jiyva.
 15168 | Lair:4   | Received a gift from Trog
 15372 | Lair:4   | Reached skill level 19 in Axes
 15708 | Lair:4   | Noticed Snorg
 15715 | Lair:4   | Killed Snorg
 15905 | Lair:5   | Entered Level 5 of the Lair of Beasts
 16113 | Lair:5   | Reached skill level 20 in Axes
 16692 | Lair:5   | Reached XP level 14. HP: 116/129 MP: 4/13
 16695 | Lair:5   | Received a gift from Trog
 17084 | Lair:5   | Found a corrupted altar of Lugonu.
 17084 | Lair:5   | Found a one-way gate to the infinite horrors of the Abyss.
 17772 | Orc:1    | Entered Level 1 of the Orcish Mines
 17904 | Orc:1    | Found Simpa's Distillery.
 17927 | Orc:1    | Found Vaaqec's Antique Weapon Shop.
 18087 | Orc:2    | Entered Level 2 of the Orcish Mines
 18093 | Orc:2    | Found a staircase to the Elven Halls.
 18131 | Orc:2    | Found a flickering gateway to a bazaar.
 18140 | Bazaar   | Entered a bazaar
 18140 | Bazaar   | Found Asenkiru's General Store.
 18140 | Bazaar   | Found Ranimag's Jewellery Shop.
 18140 | Bazaar   | Found Ucyuzusohi's Jewellery Shoppe.
 18142 | Bazaar   | Found Guom Hikk's Distillery.
 18142 | Bazaar   | Found Qufye's Distillery.
 18241 | Bazaar   | Bought the ring of Meleat {rPois rF+ rN+ Int+4} for 745
                  | gold pieces
 18244 | Bazaar   | Bought 2 potions of resistance for 240 gold pieces
 18244 | Bazaar   | Bought a potion of curing for 36 gold pieces
 18249 | Bazaar   | Bought a potion of heal wounds for 60 gold pieces
 18249 | Bazaar   | Bought a potion of heal wounds for 60 gold pieces
 18258 | Bazaar   | Bought a ring of see invisible for 135 gold pieces
 18266 | Bazaar   | Bought a potion of haste for 120 gold pieces
 18277 | Bazaar   | Bought a potion of haste for 90 gold pieces
 18305 | Orc:2    | Received a gift from Trog
 18684 | Orc:2    | Noticed Josephine
 18692 | Orc:2    | Killed Josephine
 18692 | Orc:2    | Reached ****** piety under Trog
 18832 | Orc:2    | Found Epheem's Jewellery Shoppe.
 18832 | Orc:2    | Found Nushalad's Antique Weapon Emporium.
 18833 | Orc:2    | Found Pum Xuyng's Armour Emporium.
 18837 | Orc:2    | Found Zyguympo's Magic Scroll Shoppe.
 19307 | Orc:1    | Found Beuz's Antique Armour Boutique.
 19449 | Elf:1    | Entered Level 1 of the Elven Halls
 19459 | Elf:1    | Reached skill level 15 in Armour
 19579 | Elf:1    | Found a shimmering blue altar of Sif Muna.
 19603 | Elf:1    | Received a gift from Trog
 19955 | Elf:1    | You fall into a shaft and drop 1 floor!
 20242 | Elf:2    | Noticed Zenata
 20261 | Elf:2    | Slain by a +2 mace of protection

Illustrated notes

Levels and vault maps discovered:
D:1:      evilmike_arrival_fibonacci_small, layout_basic, basic_ecumenical_altar
D:2:      layout_rooms, basic_altar, grunt_decor_junction
D:3:      cheibrodos_helix_gallery, layout_loops_ring,
          nicolae_dithmenos_through_a_glass_darkly, uniq_terence
D:4:      layout_cave_pools, nicolae_overflow_crystal_walls,
          minmay_temple_entry_butterflies, serial_shops, shop,
          nicolae_stop_n_shop_2, minmay_misc_feat_alley
D:5:      layout_loops_cross, mainiacjoe_overflow_catwalk,
          kennysheep_little_box, serial_aquarium, aquarium_bridge_square
          [aquarium_subvault_window, aquarium_subvault_bridge,
          aquarium_subvault_bridge, aquarium_subvault_window],
          aquarium_bridge_island_large [aquarium_subvault_large_1_pool,
          aquarium_subvault_wall, aquarium_subvault_bridge,
          aquarium_subvault_balcony, aquarium_subvault_wall], aquarium_window_1,
          aquarium_window_fake, aquarium_view_2b, aquarium_view_2f,
          aquarium_pool_1
D:6:      layout_cave_pods, general_overflow_altar, gup_sewer_entry_glass
D:7:      layout_basic, dreamdust_gnoll_shepherd
D:8:      layout_layer_cave, grunt_lair_entry_orc_guard_hut, minivault_4
D:9:      nzn_winding_woodlands_small
          [nzn_winding_woodlands_5x15_pathside_ponds,
          nzn_winding_woodlands_center_garden,
          nzn_winding_woodlands_5x15_pockets], layout_loops_ring, minitemple,
          serial_rivers, chequers_serial_rivers_marsh,
          chequers_serial_rivers_micro_e, chequers_serial_rivers_micro_c,
          chequers_serial_rivers_micro_e, chequers_serial_rivers_micro_c,
          hex_tiny, roderic_st_hans_cross
D:10:     layout_cross, serial_shops, nicolae_shop_waterfront
D:11:     layout_basic, gauntlet_entry_generic
D:12:     layout_irregular_city, slow_altar_1, uniq_kirke, uniq_urug
Lair:1:   layout_regular_city, grunt_megastairs_4, infiniplex_staircase_pool
Lair:2:   layout_roguey, nicolae_swamp_entry_splash_gauntlet,
          spider_nest_entry_funnel_web
Lair:3:   layout_cave_pods, pf_torpor_hydra
Lair:4:   layout_regular_city, slime_entry_1, uniq_snorg
Lair:5:   hellmonk_lair_end_abyssal_woods, layout_regular_city, st_stairs_5
Orc:1:    layout_caves, basic_altar, serial_shops,
          nicolae_shop_advertising_works [nicolae_subvault_shop_adworks],
          nicolae_shop_behind_doors, nicolae_shop_tiny_statue_garden, rock_pile
Orc:2:    st_orc_mages, layout_caves, serial_shops, bzr_entry_dummy,
          basic_altar, uniq_josephine
Elf:1:    nicolae_elf_arrival_fired_up, layout_onion_city, basic_altar,
          serial_shops, shop, kennysheep_underground_church
Elf:2:    nicolae_elf_blades_splatter_lattice
          [nicolae_blade_entry_splitting_headache], layout_onion_city,
          dreamdust_mushroom_princess, dk_noncrumbling_2, uniq_asterion,
          uniq_zenata, uniq_azrael

Skill      XL: |  1  2  3  4  5  6  7  8  9 10 11 12 13 14 |
---------------+-------------------------------------------+-----
Fighting       | 4 6 8 9 10 11 12 13 14 | 14.1
Axes           | 4 5 6 7 8 9 10 14 16 18 20 | 20.0
Armour         | 3 5 6 8 10 12 14 16 | 16.0
Dodging        | 3 4 6 10 12 | 12.0

Action                     |  1- 3 |  4- 6 |  7- 9 | 10-12 | 13-15 || total
---------------------------+-------+-------+-------+-------+-------++-------
  Melee: Hand axe          |    83 |    80 |   241 |       |       ||   404
         Headbutt          |     9 |    12 |    60 |    69 |   100 ||   250
         Punch             |       |     1 |     2 |       |       ||     3
         War axe           |       |       |    42 |       |       ||    42
         Battleaxe         |       |       |     6 |   347 |   539 ||   892
 Invoke: Berserk           |       |       |     1 |     3 |     6 ||    10
         Trog's Hand       |       |       |       |     1 |     1 ||     2
         Brothers in Arms  |       |       |       |       |     1 ||     1
    Use: Scroll            |       |       |       |    12 |     4 ||    16
         Potion            |       |       |       |       |     1 ||     1
 Armour: Animal skin       |     6 |       |       |       |       ||     6
         Ring mail         |     7 |       |       |       |       ||     7
         Scale mail        |    18 |       |       |       |       ||    18
         Chain mail        |       |    32 |   130 |   191 |   228 ||   581
  Dodge: Dodged            |    58 |    43 |   114 |   187 |   353 ||   755
